Map: Simulacrum LE

Players

Astrea - Winner!

  • Race: Protoss Protoss
  • League: Grandmaster
  • Spawn Location: 11:00

Epic

  • Race: Terran Terran
  • League: Master
  • Spawn Location: 5:00

Event: Cheeseadelphia XI, Cheeseadelphia XI

VOD

Have the link to the VOD?

Description

Time

  • Played on: Dec. 15, 2019, 12:51 p.m.
  • Length: 8:44

All games in this series

Show
View Real Time Build Order
Export as new Build Order

Astrea Protoss - Winner!

Build Orders: 1 Gate Expand, Phoenix Opening, Zealot Archon 

Get SALT Encoding   

  12  0:00  Probe  
  13  0:12  Probe  
  14  0:17  Pylon  
  14  0:25  Probe (Chrono Boost)  
  16  0:36  Gateway  
  16  0:37  Probe (Chrono Boost)  
  16  0:43  Probe (Chrono Boost)  
  16  0:48  Assimilator  
  17  0:51  Probe  
  18  1:03  Probe (Chrono Boost)  
  19  1:12  Probe (Chrono Boost)  
  20  1:23  Nexus  
  20  1:35  Cybernetics Core  
  20  1:36  Probe  
  21  1:46  Assimilator  
  21  1:48  Probe  
  21  1:53  Pylon  
  22  2:01  Probe  
  23  2:09  Adept (Chrono Boost)  
  23  2:13  Probe  
  26  2:17  Stargate  
  26  2:24  Warp Gate  
  26  2:25  Probe  
  27  2:31  Adept  
  27  2:37  Probe (Chrono Boost)  
  30  2:39  Probe (Chrono Boost)  
  31  2:49  Probe (Chrono Boost)  
  33  2:53  Probe (Chrono Boost)  
  33  2:54  Probe (Chrono Boost)  
  34  3:01  Phoenix (Chrono Boost), Probe  
  34  3:03  Probe  
  37  3:13  Probe  
  37  3:15  Probe  
  37  3:17  Pylon  
  39  3:22  Phoenix (Chrono Boost)  
  39  3:25  Probe  
  42  3:27  Probe  
  43  3:37  Probe  
  43  3:39  Probe  
  43  3:41  Phoenix (Chrono Boost)  
  46  3:49  Probe  
  47  4:00  Probe  
  47  4:02  Probe  
  49  4:04  Phoenix (Chrono Boost)  
  51  4:10  Nexus  
  51  4:12  Pylon, Probe  
  51  4:14  Probe  
  53  4:21  Gateway  
  53  4:22  Gateway  
  53  4:24  Probe  
  53  4:30  Phoenix  
  56  4:33  Probe (Chrono Boost)  
  56  4:36  Pylon  
  56  4:37  Probe (Chrono Boost)  
  58  4:42  Assimilator  
  58  4:45  Assimilator, Forge  
  59  4:47  Sentry  
  59  4:48  Probe (Chrono Boost)  
  59  4:50  Pylon, Probe (Chrono Boost)  
  62  4:53  Probe (Chrono Boost)  
  62  4:56  Probe  
  64  5:00  Phoenix  
  64  5:03  Probe  
  67  5:11  Probe  
  67  5:13  Protoss Ground Armor Level 1 (Chrono Boost)  
  68  5:14  Twilight Council  
  68  5:15  Probe  
  69  5:23  Probe  
  69  5:25  Probe  
  69  5:27  Probe  
  72  5:30  Nexus  
  72  5:31  Pylon  
  72  5:35  Probe  
  73  5:36  Charge  
  73  5:37  Probe  
  73  5:38  Pylon  
  73  5:39  Probe, Sentry  
  77  5:47  Probe  
  78  5:51  Probe  
  78  5:55  Probe  
  80  6:01  Templar Archives, Probe, Gateway x2  
  81  6:05  Gateway  
  81  6:07  Gateway  
  81  6:09  Probe  
  82  6:13  Gateway  
  82  6:14  Probe  
  82  6:18  Probe, Gateway  
  84  6:21  Gateway  
  84  6:23  Probe  
  85  6:26  Zealot  
  85  6:28  Probe  
  85  6:30  Probe  
  89  6:35  Probe  
  90  6:40  Probe  
  90  6:42  Zealot x2  
  90  6:44  Probe x2  
  97  6:47  Probe  
  97  6:49  Phoenix  
  97  6:53  Forge  
  100  6:54  Protoss Ground Weapons Level 1 (Chrono Boost)  
  100  6:55  High Templar x2, Zealot  
  100  6:57  Pylon  
  100  7:00  Archon, Photon Cannon  
  104  7:01  Probe x3  
  104  7:07  Pylon  
  104  7:08  High Templar x2, Zealot x2  
  111  7:10  Probe  
  111  7:13  Probe, Archon  
  111  7:15  Pylon  
  117  7:16  Pylon  
  117  7:20  Zealot x3  
  123  7:25  Zealot  
  123  7:27  Phoenix  
  123  7:29  Zealot  
  129  7:30  Zealot x2  
  129  7:36  Zealot  
  135  7:41  Zealot x5  
  137  7:51  Zealot x2  
  137  7:52  Phoenix, Zealot x2  
  145  8:05  Sentry  
  145  8:06  Zealot x4  
  145  8:09  Nexus  
  151  8:20  Zealot x2  
  153  8:28  Pylon  
  153  8:30  Pylon  
  153  8:31  Robotics Facility  
Show
View Real Time Build Order
Export as new Build Order

Epic Terran 

Build Orders: Gas First Reaper Expand 

Get SALT Encoding   

  12  0:00  SCV  
  13  0:12  SCV  
  14  0:17  Supply Depot  
  14  0:24  SCV  
  15  0:29  Refinery  
  15  0:39  SCV  
  16  0:45  Barracks  
  16  0:51  SCV  
  17  1:03  SCV  
  18  1:15  SCV  
  19  1:32  Orbital Command, Reaper  
  20  1:46  Command Center  
  20  1:58  Factory  
  20  2:02  SCV  
  20  2:07  Barracks Reactor  
  21  2:11  Supply Depot  
  21  2:14  SCV  
  22  2:21  Refinery  
  22  2:26  SCV  
  23  2:38  SCV  
  23  2:43  Hellion  
  23  2:44  Marine x2  
  27  2:46  Starport  
  27  2:50  SCV  
  29  2:59  Orbital Command  
  29  3:02  SCV  
  30  3:06  Factory Tech Lab  
  30  3:09  Marine  
  30  3:11  Marine  
  32  3:15  SCV  
  33  3:26  SCV  
  33  3:27  SCV  
  35  3:29  Marine x2  
  35  3:30  Raven  
  39  3:36  Supply Depot  
  39  3:41  SCV x2  
  39  3:43  Factory Tech Lab  
  39  3:47  Marine x2  
  42  3:53  SCV x2  
  42  4:03  Command Center  
  42  4:06  Cyclone  
  46  4:10  SCV x2  
  47  4:20  Stimpack  
  47  4:21  Barracks  
  47  4:23  Barracks  
  47  4:26  SCV  
  47  4:28  SCV  
  47  4:30  Starport Tech Lab  
  48  4:34  Marine  
  48  4:39  SCV  
  48  4:40  SCV  
  48  4:42  Supply Depot  
  53  4:45  Siege Tank  
  53  4:51  SCV  
  54  4:54  Engineering Bay  
  54  4:55  SCV  
  53  5:03  Starport Reactor  
  53  5:05  Refinery  
  53  5:08  SCV x2  
  53  5:09  Supply Depot  
  55  5:16  Orbital Command  
  55  5:18  Combat Shield, Marine x2  
  55  5:19  Marine  
  55  5:20  Marine  
  59  5:22  SCV  
  59  5:26  Terran Infantry Weapons Level 1  
  60  5:28  SCV  
  60  5:32  Supply Depot  
  60  5:34  SCV  
  62  5:44  Barracks  
  62  5:45  Barracks  
  62  5:46  SCV  
  62  5:47  SCV x2  
  62  5:50  Medivac  
  62  5:56  Medivac  
  63  5:58  Marauder, Marine x2  
  63  6:01  Missile Turret  
  63  6:02  SCV  
  63  6:03  SCV  
  69  6:05  SCV  
  69  6:10  Supply Depot  
  69  6:11  Marauder  
  72  6:14  Siege Tank  
  72  6:18  SCV x2  
  77  6:22  Marauder, Marine  
  77  6:23  Marine  
  77  6:24  Refinery  
  81  6:27  Concussive Shells  
  81  6:34  Supply Depot  
  81  6:36  Barracks Reactor, Barracks Tech Lab  
  81  6:38  Orbital Command  
  81  6:39  Missile Turret, SCV x2  
  79  6:43  Marine x2  
  79  6:44  Marine x2  
  83  6:51  SCV x2  
  85  6:54  Siege Tank  
  88  7:02  Marauder x2  
  88  7:03  SCV x2  
  88  7:06  Marine x2  
  88  7:07  Marauder  
  98  7:13  SCV  
  98  7:15  SCV x2  
  101  7:17  Medivac  
  101  7:20  Supply Depot  
  101  7:21  Marine x2  
  105  7:24  Marauder  
  105  7:25  SCV  
  105  7:27  SCV, Medivac  
  111  7:30  SCV  
  111  7:34  Supply Depot  
  111  7:35  Supply Depot  
  111  7:37  SCV  
  111  7:38  Siege Tank  
  111  7:39  SCV  
  111  7:40  Marine x4  
  111  7:42  Marine  
  116  7:51  SCV x3  
  97  7:54  Marauder x2  
  97  7:58  Marine x3  
  97  8:00  Marine  
  97  8:04  Marine  
  93  8:08  Refinery  
  93  8:10  Refinery  
  88  8:14  Marine x2  
  88  8:16  Marine x3  
  88  8:18  Marine  
  81  8:22  Marine  
Tags
 
Add a new tag
Caveats
  • Supply blocks, unpowered buildings, or Contaminate may cause inaccurate times.
  • Supply counts are checked every 10 seconds.